 Dungeon Crawl Stone Soup version 0.28-a0-1415-g7c84da036a (webtiles) character file.

Game seed: 16105634531427166215

435 bande the Covered (level 7, -2/43 HPs)
             Began as a Gargoyle Fighter on Jan 8, 2022.
             Slain by a wight (11 damage)
             ... on level 4 of the Dungeon.
             The game lasted 00:04:48 (4244 turns).

bande the Covered (Gargoyle Fighter)                Turns: 4244, Time: 00:04:49

Health: -2/43      AC: 12    Str: 19    XL:     7   Next: 0%
Magic:  7/7        EV:  9    Int:  9    God:
Gold:   205        SH:  4    Dex: 11    Spells: 6/6 levels left

rFire   . . .      SeeInvis .   a - +1 war axe
rCold   . . .      Faith    .   c - +0 buckler
rNeg    + . .      Spirit   .   b - +0 scale mail
rPois   ∞          Reflect  .   (no helmet)
rElec   +          Harm     .   (no cloak)
rCorr   .          Rampage  .   (no gloves)
Will    .....                   (no boots)
Stlth   ..........              (no amulet)
HPRegen 0.14/turn               (no ring)
MPRegen 0.10/turn               (no ring)

@: no status effects
A: sickness immunity, AC +4, negative energy resistance 1, electricity
resistance, torment resistance 1, petrification resistance
a: no special abilities


You were on level 4 of the Dungeon.
You visited 1 branch of the dungeon, and saw 4 of its levels.

You collected 205 gold pieces.

Inventory:

Hand Weapons
 a - a +1 war axe (weapon)
 d - a +6 flail of draining
Armour
 b - a +0 scale mail (worn)
 c - a +0 buckler (worn)
Wands
 h - a wand of digging (2)
Scrolls
 i - a scroll of identify {unknown}
Potions
 e - a potion of cancellation {unknown}
 f - 2 potions of haste {unknown}
 g - a potion of magic {unknown}
 j - 2 potions of curing {unknown}
 k - a potion of heal wounds {unknown}


   Skills:
 + Level 4.2 Fighting
 + Level 4.4 Axes
 + Level 4.9 Armour
 + Level 4.1 Shields
 * Level 1.7 Evocations


You had 6 spell levels left.
You didn't know any spells.
Your spell library contained the following spells:

 Spells                   Type           Power      Damage    Failure   Level
 Ozocubu's Armour         Ice            0%         N/A       99%         3
 Metabolic Englaciation   Hex/Ice        0%         N/A       100%        5
 Simulacrum               Ice/Necr       0%         N/A       100%        6


Dungeon Overview and Level Annotations

Branches:
Dungeon (4/15)
 Temple: D:4-7

Altars:
Xom


Innate Abilities, Weirdness & Mutations

You are immune to sickness and miasma.
Your stone body is resilient. (AC +4)
You are immune to poison.
You resist negative energy. (rN+)
You are resistant to electric shocks. (rElec)
You are resistant to unholy torment.
You are immune to petrification.


Message History

The wight is severely damaged.
The wight closely misses you.
You slash the wight!
You destroy the wight!
The wight barely misses you. You block the wight's attack.
Things that are here:
a +0 short sword; a +0 robe You slash the wight!
The wight is heavily damaged.
You slash the wight! The wight barely misses you.
The wight hits you with a +3 battleaxe!
You slash the wight!
You destroy the wight!
You closely miss the wight. The wight barely misses you.
You have reached level 7!
You hit the wight but do no damage.
The wight is heavily damaged.
You barely miss the wight. The wight hits you with a +3 battleaxe!
The wight hits you but does no damage. x3
You closely miss the wight.
The wight is heavily damaged.
You hit the wight but do no damage.
The wight hits you with a +0 long sword.
You block the wight's attack.
You barely miss the wight.
The wight is heavily damaged.
You hit the wight. You block the wight's attack. The wight barely misses you.
Unknown command.
You hit the wight.
The wight is severely damaged.
You hit the wight. The wight hits you but does no damage.
The wight barely misses you. The wight hits you but does no damage.
The wight closely misses you.
You hit the wight but do no damage.
The wight is severely damaged.
You closely miss the wight.
The wight hits you with a +0 long sword!
* * * LOW HITPOINT WARNING * * *
The wight hits you with a +3 battleaxe!
You die...

# #.# #............# # #.#
##.#########.# # #.# #.# #...#
#.# # #.#######.###.#.# #.#
#######.............#.###.#######
...........####.#####............
############ #.# #####.#######
#.#########.# #z@z.?......#
#############


You could see 2 wights.

Vanquished Creatures
  Edmund (D:4)
  A scorpion (D:4)
  2 wights (D:4)
  2 hounds
  Jessica (D:3)
  A hound skeleton (D:3)
  2 adders
  An adder skeleton (D:4)
  2 worms
  A dart slug (D:2)
  4 orcs
  6 bats
  5 endoplasms
  2 giant cockroaches
  5 hobgoblins (D:1)
  2 jackals (D:1)
  4 ball pythons
  6 frilled lizards
  3 goblins (D:2)
  6 kobolds
  4 rats
61 creatures vanquished.

Notes
Turn   | Place    | Note
-------+----------+-------------------------------------------
     0 | D:1      | bande the Gargoyle Fighter began the quest for the Orb.
     0 | D:1      | Reached XP level 1. HP: 14/14 MP: 1/1
    19 | D:1      | Found a faded altar of an unknown god.
   189 | D:1      | Reached XP level 2. HP: 18/19 MP: 2/2
   937 | D:2      | Reached XP level 3. HP: 23/23 MP: 3/3
  2201 | D:3      | Reached XP level 4. HP: 13/29 MP: 4/4
  2817 | D:3      | Noticed Jessica
  2829 | D:3      | Killed Jessica
  3093 | D:3      | Found a shimmering altar of Xom.
  3106 | D:3      | Reached XP level 5. HP: 24/33 MP: 5/5
  3262 | D:4      | Noticed Edmund
  3271 | D:4      | Killed Edmund
  3272 | D:4      | Reached skill level 1 in Evocations
  3272 | D:4      | Reached XP level 6. HP: 27/38 MP: 6/6
  4240 | D:4      | Reached XP level 7. HP: 32/43 MP: 7/7
  4244 | D:4      | Slain by a wight

Illustrated notes

Levels and vault maps discovered:
D:1:      dpeg_arrival_simpleton_a, layout_loops_ring,
          ebering_ecumenical_altar_ruins
D:2:      layout_basic
D:3:      layout_rooms, lemuel_round_altar, uniq_jessica
D:4:      layout_loops_ring, mainiacjoe_overflow_two_lobes, uniq_edmund

Skill      XL: |  1  2  3  4  5  6 |
---------------+-------------------+-----
Axes           | 2 3 4 |  4.4
Armour         | 4 |  4.9
Fighting       | 4 |  4.2
Shields        | 4 |  4.1
Evocations     | 1 |  1.7

Action                   |  1- 3 |  4- 6 |  7- 9 || total
-------------------------+-------+-------+-------++-------
Melee: War axe           |   104 |    85 |     5 ||   194
  Use: Scroll            |       |     1 |       ||     1
       Potion            |       |     1 |       ||     1
Armor: Scale mail        |    68 |    46 |     5 ||   119
Dodge: Dodged            |    54 |    48 |     3 ||   105
Block: Buckler           |    22 |    19 |     2 ||    43

Table legend: (Time is in decaauts)
 A = Elapsed time spent in this place.
 B = Non-inter-level travel time spent in this place.
 C = Inter-level travel time spent in this place.
 D = Time resting spent in this place.
 E = Time spent auto-exploring this place.
 F = Levels seen in this place.
 G = Mean time per level.
                   A        B        C        D        E       F      G
               +--------+--------+--------+--------+--------+-----+--------+
         Total |   4323 |   4269 |     54 |   1291 |   2392 |   4 | 1080.8 |
       Dungeon |   4323 |   4269 |     54 |   1291 |   2392 |   4 | 1080.8 |
               +--------+--------+--------+--------+--------+-----+--------+

Top non-repeatable levels by time:
     D:3: 1351 daAuts
     D:4: 1054 daAuts
     D:2: 1027 daAuts
     D:1: 890 daAuts
